AoeStats
← waLLefps.

Arena

504009999Analyzed
1v1 RM · 29d ago on Sep 3, 2026· 52m 9s· 2 players
Game mode
Random Map
Map size
Tiny (2 player)
Population
200
Speed
Normal
Resources
Standard
Victory
Conquest
Starting age
Dark Age
Ending age
Imperial Age
RankedLock teamsTeams togetherTeam positionsShared explorationLock speedFull tech treeHidden civsTurbo modeCheats
Victory
Defeat
🇮🇹 Koreans · Italy
1448
+15
🇹🇷 Poles · Türkiye
1419
-15
waLLefps.
11:38 Feudal Age
11:54 Feudal Age
13:04 Double-Bit Axe
15:25 Castle Age
13:06 Horse Collar
15:28 Forging
16:22 Bow Saw
17:02 Bloodlines
16:46 Light Cavalry
21:31 Loom
26:07 Wheelbarrow
25:35 Heavy Plow
26:01 Gold Mining
30:10 Imperial Age
28:58 Fletching
29:09 Padded Archer Armor
29:38 Ballistics
29:08 Town Watch
29:14 Crossbowman
30:19 Husbandry
30:29 Thumb Ring
30:50 Scale Barding Armor
30:42 Bodkin Arrow
31:45 Crop Rotation
30:55 Arbalester
32:46 Chemistry
32:35 Szlachta Privileges
33:15 Hand Cart
33:32 Conscription
32:39 Cavalier
34:05 Masonry
34:31 Chain Barding Armor
35:22 Bracer
38:26 Winged Hussar
41:36 Iron Casting
ITA | tonypolik
8:55 Feudal Age
9:23 Double-Bit Axe
9:22 Horse Collar
16:38 Castle Age
16:10 Fletching
16:40 Crossbowman
17:32 Bow Saw
18:22 Loom
19:45 Squires
21:33 Wheelbarrow
21:29 Bodkin Arrow
25:24 Gold Mining
26:06 Hand Cart
31:03 Imperial Age
28:19 Town Watch
28:36 Scale Mail Armor
28:47 Forging
28:24 Arson
28:54 Heavy Plow
29:38 Chain Mail Armor
30:48 Iron Casting
31:08 Ballistics
30:29 Treadmill Crane
31:11 Elite Fire Lancer
33:08 Chemistry
32:58 Bracer
33:54 Conscription
34:14 Plate Mail Armor
35:54 Two-Man Saw
35:11 Arbalester
36:22 Heavy Rocket Cart
37:26 Elite Skirmisher
39:56 Shinkichon
40:56 Eupseong
40:45 Arrowslits
41:06 Siege Engineers
41:11 Masonry
45:36 Murder Holes
46:12 Architecture
46:10 Pikeman
47:15 Thumb Ring
46:40 Halberdier
52:32 Guilds
Connection lost

Rejoining the realm…

Still unreachable

The connection could not be restored.

Session expired

The server has moved on; the page needs a fresh start.